[Event "IMSA Blitz Men 2019"]
[Site "Hengshui"]
[Date "2019.05.17"]
[Round "1.2"]
[White "Cheparinov, Ivan"]
[Black "Dominguez Perez, Leinier"]
[Result "1/2-1/2"]
[ECO "E06"]
[WhiteElo "2667"]
[BlackElo "2750"]
[Annotator "RC"]
[PlyCount "77"]
[EventDate "2019.05.17"]
[EventType "blitz"]
[EventCountry "CHN"]
[SourceTitle "playchess.com"]
[Source "ChessBase"]
[SourceQuality "1"]
[TimeControl "180+2"]

1. d4 d5 2. Nf3 Nf6 3. c4 e6 4. g3 Be7 5. Bg2 O-O 6. O-O dxc4 7. Qc2 a6 8. a4 Bd7 9. Qxc4 Bc6 10. Bg5 Nbd7 11. Nc3 h6 12. Bxf6 Nxf6 13. b4 Bd5 14. Nxd5 exd5 15. Qb3 Bd6 16. e3 Qe7 17. b5 axb5 18. axb5 g6 19. Ra2 Qe6 20. Rfa1 Rab8 21. Ra7 h5 22. Rc1 Kg7 23. Qb2 Rfe8 24. Rc2 Ng4 25. Qb3 Nf6 26. Ra1 Ra8 27. Rca2 Rab8 28. Rc2 Re7 29. Ra7 b6 30. Rc6 Qf5 31. Ra1 Rbe8 32. Nh4 Qe6 33. Ra2 Ne4 34. Nf3 Qf5 35. Nh4 Qe6 36. Nf3 Qf5 37. Nh4 Qe6 38. Nf3 Qf5 39. Nh4 1/2-1/2

[Event "IMSA Blitz Men 2019"]
[Site "Hengshui"]
[Date "2019.05.17"]
[Round "2.1"]
[White "Le, Quang Liem"]
[Black "Vidit, Santosh Gujrathi"]
[Result "1/2-1/2"]
[ECO "A35"]
[WhiteElo "2704"]
[BlackElo "2707"]
[Annotator "RC"]
[PlyCount "110"]
[EventDate "2019.05.17"]
[EventType "blitz"]
[EventCountry "CHN"]
[SourceTitle "playchess.com"]
[Source "ChessBase"]
[SourceQuality "1"]
[TimeControl "180+2"]

1. Nf3 Nf6 2. c4 c5 3. Nc3 Nc6 4. g3 d5 5. d4 cxd4 6. Nxd4 dxc4 7. Nxc6 Qxd1+ 8. Nxd1 bxc6 9. Bg2 Nd5 10. Ne3 e6 11. Nxc4 Ba6 12. b3 Bb4+ 13. Bd2 Ke7 14. Rc1 Rhc8 15. Na5 c5 16. Bxb4 cxb4 17. Kd2 Bb5 18. Bxd5 exd5 19. a3 bxa3 20. Rxc8 Rxc8 21. Ra1 Kd6 22. b4 Rc7 23. Rxa3 a6 24. e3 g5 25. Rc3 Re7 26. Rc8 Re4 27. Rd8+ Ke7 28. Rxd5 Rxb4 29. Rxg5 Rb2+ 30. Kc3 Rxf2 31. Rh5 Re2 32. Rxh7 Rxe3+ 33. Kb4 Re4+ 34. Kc5 Ra4 35. Kb6 Kf6 36. h3 Kg6 37. Rh8 Kg7 38. Rh5 f6 39. g4 Ra3 40. Nb7 Bf1 41. g5 Kg6 42. Rh8 fxg5 43. Rg8+ Kh6 44. Rh8+ Kg7 45. Rd8 Bxh3 46. Nc5 a5 47. Rd5 Kg6 48. Ne4 Bf5 49. Rd6+ Kh5 50. Nf6+ Kh4 51. Rd5 Be6 52. Rxa5 Rxa5 53. Kxa5 Kg3 54. Ne4+ Kf4 55. Nxg5 Kxg5 1/2-1/2

[Event "IMSA Blitz Men 2019"]
[Site "Hengshui"]
[Date "2019.05.17"]
[Round "2.1"]
[White "Cheparinov, Ivan"]
[Black "Korobov, Anton"]
[Result "0-1"]
[ECO "D11"]
[WhiteElo "2667"]
[BlackElo "2687"]
[Annotator "ChessBase"]
[PlyCount "46"]
[EventDate "2019.05.17"]
[EventType "blitz"]
[EventCountry "CHN"]
[SourceTitle "playchess.com"]
[Source "ChessBase"]
[SourceQuality "1"]
[TimeControl "180+2"]

1. d4 d5 2. c4 c6 3. Nf3 Nf6 4. g3 Bg4 5. Ne5 Bf5 6. cxd5 cxd5 7. Nc3 e6 8. f3 Nfd7 9. Nxd7 Nxd7 10. e4 dxe4 11. fxe4 Bg6 12. e5 Qb6 13. Bg2 Rd8 14. Qa4 Bb4 15. a3 Bxc3+ 16. bxc3 O-O 17. Qb4 Qa6 18. Bf4 Nb6 19. Kf2 Nd5 20. Bxd5 Rxd5 21. Rhe1 Rb5 22. Qd6 Rb2+ 23. Kg1 Qd3 0-1

[Event "IMSA Blitz Men 2019"]
[Site "Hengshui"]
[Date "2019.05.17"]
[Round "2.2"]
[White "Yu, Yangyi"]
[Black "Ponomariov, Ruslan"]
[Result "1/2-1/2"]
[ECO "B12"]
[WhiteElo "2739"]
[BlackElo "2675"]
[Annotator "ChessBase"]
[PlyCount "110"]
[EventDate "2019.05.17"]
[EventType "blitz"]
[EventCountry "CHN"]
[SourceTitle "playchess.com"]
[Source "ChessBase"]
[SourceQuality "1"]
[TimeControl "180+2"]

1. e4 c6 2. d4 d5 3. e5 c5 4. dxc5 e6 5. Nf3 Bxc5 6. Bd3 Nc6 7. O-O f6 8. Qe2 fxe5 9. Nxe5 Nf6 10. Bg5 O-O 11. Nxc6 bxc6 12. Nd2 Bd6 13. Nf3 Qc7 14. Rae1 Ng4 15. h3 Nh2 16. Nxh2 Bxh2+ 17. Kh1 Bf4 18. Bxf4 Qxf4 19. Qe5 Bd7 20. g3 Qxe5 21. Rxe5 a5 22. f4 g6 23. Kg2 Rfb8 24. b3 a4 25. h4 axb3 26. axb3 Ra2 27. Rf2 c5 28. h5 Kg7 29. hxg6 hxg6 30. Rg5 Be8 31. g4 Kf6 32. Re5 Bf7 33. Kg3 Rh8 34. Rfe2 Rh1 35. g5+ Kg7 36. Rxe6 Bxe6 37. Rxe6 c4 38. bxc4 dxc4 39. Rxg6+ Kf8 40. Be4 Re1 41. Re6 Rg1+ 42. Kf2 Raa1 43. Ke3 Rad1 44. f5 Rxg5 45. Kf4 Rg7 46. f6 Rf1+ 47. Ke5 Rg5+ 48. Kd4 Rg4 49. Kxc4 Rgf4 50. Kd4 Rxf6 51. Rxf6+ Rxf6 52. c4 Ke7 53. c5 Kd7 54. c6+ Rxc6 55. Bxc6+ Kxc6 1/2-1/2

[Event "IMSA Blitz Men 2019"]
[Site "Hengshui"]
[Date "2019.05.17"]
[Round "2.2"]
[White "Wang, Hao"]
[Black "Dominguez Perez, Leinier"]
[Result "1/2-1/2"]
[ECO "C48"]
[WhiteElo "2735"]
[BlackElo "2750"]
[Annotator "ChessBase"]
[PlyCount "105"]
[EventDate "2019.05.17"]
[EventType "blitz"]
[EventCountry "CHN"]
[SourceTitle "playchess.com"]
[Source "ChessBase"]
[SourceQuality "1"]
[TimeControl "180+2"]

1. e4 e5 2. Nf3 Nc6 3. Bb5 Nf6 4. Nc3 Nd4 5. Ba4 c6 6. d3 a5 7. Bb3 d6 8. h3 b5 9. a3 Nxb3 10. cxb3 Be7 11. O-O O-O 12. d4 Qc7 13. Qc2 Ba6 14. Rd1 b4 15. axb4 axb4 16. Na4 exd4 17. Nxd4 c5 18. Nf5 Bb7 19. f3 Rfe8 20. Bf4 Rad8 21. Qf2 Bf8 22. Bg5 Re6 23. Rac1 Rde8 24. Bf4 Nd7 25. Rd2 Ne5 26. Rcd1 Bc6 27. Ne3 g6 28. Bxe5 Rxe5 29. Nc4 R5e6 30. Qg3 Bg7 31. Nab6 Bd4+ 32. Rxd4 cxd4 33. Rxd4 Bb7 34. Kh1 Qc5 35. Rd1 Ba6 36. Qf4 Bxc4 37. Nxc4 Rd8 38. Ne3 Qe5 39. Qh4 Rf8 40. Nc4 Qc5 41. Rd5 Qa7 42. Qe1 Qa6 43. Qxb4 f5 44. exf5 Rxf5 45. Rxf5 gxf5 46. Qb8+ Kf7 47. Qc7+ Kg6 48. Qd7 Rf6 49. Qe8+ Kg7 50. Qe7+ Kg6 51. Qe8+ Kg7 52. Qe7+ Kg6 53. Qe8+ 1/2-1/2

[Event "IMSA Blitz Men 2019"]
[Site "Hengshui"]
[Date "2019.05.17"]
[Round "2.2"]
[White "Vidit, Santosh Gujrathi"]
[Black "Le, Quang Liem"]
[Result "1/2-1/2"]
[ECO "A40"]
[WhiteElo "2707"]
[BlackElo "2704"]
[Annotator "ChessBase"]
[PlyCount "161"]
[EventDate "2019.05.17"]
[EventType "blitz"]
[EventCountry "CHN"]
[SourceTitle "playchess.com"]
[Source "ChessBase"]
[SourceQuality "1"]
[TimeControl "180+2"]

1. d4 Nf6 2. c4 e6 3. g3 c5 4. Nf3 cxd4 5. Nxd4 Qc7 6. Nc3 a6 7. Bg2 Qxc4 8. O-O Nc6 9. Nb3 d5 10. Bf4 Be7 11. Rc1 Qb4 12. a3 Qb6 13. e4 dxe4 14. Be3 Qc7 15. Nc5 O-O 16. N5xe4 Rd8 17. Qb3 Nxe4 18. Nxe4 Rd5 19. Nc5 Rd8 20. Na4 Re8 21. Rfd1 Rb8 22. Nb6 h6 23. h4 Bf8 24. Qa4 e5 25. Nd5 Qd6 26. Nb4 Qe6 27. Nxc6 bxc6 28. Rxc6 Qb3 29. Qxb3 Rxb3 30. Rd2 Bb7 31. Rb6 Rxb6 32. Bxb6 Bxg2 33. Kxg2 f6 34. b4 Kf7 35. Rd7+ Re7 36. Rd8 Re6 37. Be3 Rc6 38. Ra8 h5 39. Kf3 Be7 40. Ra7 Ke6 41. Ke2 g6 42. Kd3 f5 43. Rb7 e4+ 44. Kd2 Bf6 45. a4 Bc3+ 46. Ke2 Rc4 47. Rb6+ Kf7 48. b5 axb5 49. axb5 Rb4 50. Rc6 Rb3 51. b6 Ba5 52. Bd4 Rb1 53. Ke3 Rb4 54. Rf6+ Ke7 55. Rxg6 Rb3+ 56. Kf4 Rb5 57. Rg5 Bd2+ 58. Be3 Bxe3+ 59. fxe3 Kf6 60. Rxh5 Ke6 61. g4 Rb1 62. gxf5+ Kd5 63. f6+ Ke6 64. Kxe4 Rxb6 65. Rh6 Rb4+ 66. Kf3 Rb3 67. Kf4 Rb1 68. e4 Rf1+ 69. Kg5 Rg1+ 70. Kh5 Kf7 71. e5 Re1 72. Rh7+ Kf8 73. Re7 Rg1 74. Kh6 Rg4 75. h5 Rg1 76. e6 Rf1 77. Rf7+ Ke8 78. Kh7 Rf5 79. Kg6 Rf1 80. Ra7 Rg1+ 81. Kh6 1/2-1/2

[Event "IMSA Blitz Men 2019"]
[Site "Hengshui"]
[Date "2019.05.17"]
[Round "2.2"]
[White "Jones, Gawain C B"]
[Black "Bu, Xiangzhi"]
[Result "0-1"]
[ECO "C55"]
[WhiteElo "2702"]
[BlackElo "2729"]
[Annotator "ChessBase"]
[PlyCount "60"]
[EventDate "2019.05.17"]
[EventType "blitz"]
[EventCountry "CHN"]
[SourceTitle "playchess.com"]
[Source "ChessBase"]
[SourceQuality "1"]
[TimeControl "180+2"]

1. e4 e5 2. d4 exd4 3. Nf3 Nc6 4. Bc4 Nf6 5. e5 d5 6. Bb5 Ne4 7. Nxd4 Bd7 8. Bxc6 bxc6 9. O-O Bc5 10. f3 Ng5 11. Be3 O-O 12. Nc3 f6 13. exf6 Qxf6 14. Qd2 Nf7 15. Nb3 Bd6 16. f4 Nh6 17. Bd4 Bxf4 18. Bxf6 Bxd2 19. Nxd2 Rxf6 20. Rxf6 gxf6 21. Na4 Re8 22. Nc5 Bf5 23. Nf3 Bxc2 24. Nd4 Bg6 25. a4 Nf5 26. Nxc6 Re2 27. Nxa7 Nh4 28. Nc6 Rxg2+ 29. Kh1 Rxb2 30. a5 Nf3 0-1

[Event "IMSA Blitz Men 2019"]
[Site "Hengshui"]
[Date "2019.05.17"]
[Round "3.1"]
[White "Yu, Yangyi"]
[Black "Cheparinov, Ivan"]
[Result "1-0"]
[ECO "B12"]
[WhiteElo "2739"]
[BlackElo "2667"]
[Annotator "RC"]
[PlyCount "91"]
[EventDate "2019.05.17"]
[EventType "blitz"]
[EventCountry "CHN"]
[SourceTitle "playchess.com"]
[Source "ChessBase"]
[SourceQuality "1"]
[TimeControl "180+2"]

1. e4 c6 2. d4 d5 3. e5 c5 4. dxc5 e6 5. Nf3 Bxc5 6. Bd3 Ne7 7. O-O Ng6 8. Nbd2 Nc6 9. Nb3 Bb6 10. Re1 O-O 11. c3 Bc7 12. Bxg6 fxg6 13. a4 Rf5 14. Nbd4 Nxd4 15. Qxd4 Bd7 16. Qg4 Qe8 17. a5 Qe7 18. Be3 Bxe5 19. Nxe5 Rxe5 20. Qg3 Qf6 21. Bd4 Rxe1+ 22. Rxe1 Qf7 23. Bxa7 g5 24. b4 Qf4 25. Be3 Qxg3 26. hxg3 h6 27. Bd4 Kf7 28. g4 Bb5 29. f3 Rc8 30. Kf2 Re8 31. Re5 Kg6 32. g3 Kf7 33. f4 gxf4 34. gxf4 Bc6 35. Kg3 Bd7 36. f5 Bc6 37. Kf4 Bd7 38. Kg3 Bc6 39. fxe6+ Rxe6 40. Rxe6 Kxe6 41. Bxg7 Bb5 42. Bxh6 Ke5 43. Kf3 Bd3 44. Bg7+ Ke6 45. Ke3 Bb5 46. Kd4 1-0

[Event "IMSA Blitz Men 2019"]
[Site "Hengshui"]
[Date "2019.05.17"]
[Round "3.1"]
[White "Rapport, Richard"]
[Black "Bu, Xiangzhi"]
[Result "1-0"]
[ECO "A01"]
[WhiteElo "2736"]
[BlackElo "2729"]
[Annotator "RC"]
[PlyCount "89"]
[EventDate "2019.05.17"]
[EventType "blitz"]
[EventCountry "CHN"]
[SourceTitle "playchess.com"]
[Source "ChessBase"]
[SourceQuality "1"]
[TimeControl "180+2"]

1. b3 e5 2. Bb2 Nc6 3. c4 g6 4. g3 Bg7 5. Bg2 Nge7 6. Nc3 O-O 7. d3 d6 8. e3 Be6 9. Nd5 Qd7 10. Qd2 Nc8 11. Ne2 Nd8 12. h4 h5 13. d4 c6 14. Ndc3 f5 15. dxe5 dxe5 16. Qxd7 Bxd7 17. O-O-O Be6 18. Na4 b6 19. Rd2 Ne7 20. Rhd1 Rc8 21. Rd6 Kf7 22. Ng1 Nb7 23. Nf3 Nxd6 24. Ng5+ Kg8 25. Nxe6 Rfd8 26. Nxg7 Nf7 27. Ne6 Rxd1+ 28. Kxd1 e4 29. Nf4 Rd8+ 30. Kc2 Rd6 31. Bf1 Nh6 32. c5 bxc5 33. Ba3 Ng4 34. Bxc5 Rd7 35. Bc4+ Nd5 36. Nc3 Nxf2 37. Ncxd5 cxd5 38. Nxd5 Kg7 39. Bd4+ Kh6 40. Be5 Nd3 41. Bf4+ Kg7 42. Kc3 Nc5 43. b4 Ne6 44. Be5+ Kh6 45. Nf6 1-0

[Event "IMSA Blitz Men 2019"]
[Site "Hengshui"]
[Date "2019.05.17"]
[Round "3.1"]
[White "Fedoseev, Vladimir"]
[Black "Wang, Hao"]
[Result "0-1"]
[ECO "C65"]
[WhiteElo "2683"]
[BlackElo "2735"]
[Annotator "ChessBase"]
[PlyCount "152"]
[EventDate "2019.05.17"]
[EventType "blitz"]
[EventCountry "CHN"]
[SourceTitle "playchess.com"]
[Source "ChessBase"]
[SourceQuality "1"]
[TimeControl "180+2"]

1. e4 e5 2. Nf3 Nc6 3. Bb5 Nf6 4. d3 Bc5 5. Bxc6 dxc6 6. h3 Bd6 7. Nbd2 O-O 8. Nc4 Nd7 9. O-O c5 10. c3 Re8 11. Re1 Nf8 12. Nxd6 Qxd6 13. Be3 b6 14. Qc2 Bb7 15. Nh4 Rad8 16. Rad1 Bc8 17. b4 cxb4 18. cxb4 Qxb4 19. Qxc7 Qa4 20. Nf3 f6 21. Rd2 Ne6 22. Qc4 Qxc4 23. dxc4 Bb7 24. Rxd8 Rxd8 25. Nd2 Rd3 26. Rc1 Ra3 27. Rc2 Bc6 28. Kh2 Kf7 29. Kg1 Ke8 30. Kf1 Kd7 31. Ke2 Kd6 32. c5+ Kd7 33. cxb6 axb6 34. Nc4 Bb5 35. Ke1 Bxc4 36. Rxc4 b5 37. Rc2 Ra4 38. f3 Kd6 39. Ke2 Ra3 40. Rd2+ Kc6 41. Rc2+ Kd6 42. Rd2+ Ke7 43. Rb2 Kf7 44. Kf2 Ke7 45. Bd2 Kd7 46. Bb4 Rd3 47. Ba5 Nd4 48. Bb4 Ke6 49. Bf8 g6 50. Bc5 Rc3 51. Bxd4 exd4 52. Rxb5 Rc2+ 53. Kg3 Rxa2 54. Rd5 Rd2 55. h4 h5 56. Rd8 d3 57. Kf4 Rxg2 58. Rxd3 g5+ 59. hxg5 fxg5+ 60. Ke3 h4 61. Rd8 h3 62. Rh8 h2 63. Rh6+ Ke5 64. Rh8 Ra2 65. Rh6 Rb2 66. Rh8 Kd6 67. Rh5 Ke6 68. Rh6+ Kf7 69. e5 Kg7 70. Rh3 Kg6 71. Ke4 Re2+ 72. Kd3 Ra2 73. Ke4 Ra4+ 74. Ke3 Ra3+ 75. Ke4 Ra4+ 76. Ke3 Rh4 0-1

[Event "IMSA Blitz Men 2019"]
[Site "Hengshui"]
[Date "2019.05.17"]
[Round "3.2"]
[White "Jones, Gawain C B"]
[Black "Korobov, Anton"]
[Result "0-1"]
[ECO "B52"]
[WhiteElo "2702"]
[BlackElo "2687"]
[Annotator "ChessBase"]
[PlyCount "138"]
[EventDate "2019.05.17"]
[EventType "blitz"]
[EventCountry "CHN"]
[SourceTitle "playchess.com"]
[Source "ChessBase"]
[SourceQuality "1"]
[TimeControl "180+2"]

1. e4 c5 2. Nf3 d6 3. Bb5+ Bd7 4. Bxd7+ Nxd7 5. O-O Ngf6 6. Qe2 Qc7 7. b3 e5 8. d3 Be7 9. Bg5 h6 10. Bxf6 Nxf6 11. c4 O-O 12. Nc3 Qd7 13. Ne1 Bd8 14. Nc2 Ba5 15. Nd1 b5 16. Nce3 g6 17. f4 exf4 18. Rxf4 Qe6 19. Qb2 Nd7 20. Ng4 Ne5 21. Nxh6+ Kh7 22. Rh4 Bd8 23. Rh3 Kg7 24. Ne3 Bf6 25. Nef5+ gxf5 26. Qf2 Rh8 27. Nxf5+ Kf8 28. Rxh8+ Bxh8 29. Rf1 bxc4 30. dxc4 Ng6 31. Qd2 Rd8 32. Qg5 Bf6 33. Qh6+ Kg8 34. Qe3 Re8 35. Qg3 Qxe4 36. Nxd6 Qd4+ 37. Kh1 Re3 38. Nf5 Rxg3 39. Nxd4 Rd3 40. Nc6 Bd4 41. Nxa7 Rd2 42. a4 Nf4 43. Nc6 Nd3 44. Nxd4 cxd4 45. h4 Nb4 46. Kg1 d3 47. Rf6 Rb2 48. Rd6 Rxb3 49. Kf2 Rc3 50. a5 Rxc4 51. a6 Rc2+ 52. Ke3 Re2+ 53. Kf3 Ra2 54. Ke3 Rxa6 55. Rxa6 Nxa6 56. Kxd3 Nc5+ 57. Kd4 Ne6+ 58. Ke5 Kg7 59. Kf5 Nd4+ 60. Ke4 Ne6 61. Kf5 Nc7 62. h5 Nd5 63. g3 Ne7+ 64. Ke5 Ng8 65. Kf5 Kh6 66. g4 f6 67. Kf4 Ne7 68. Kg3 Kg5 69. Kf3 Ng8 0-1

[Event "IMSA Blitz Men 2019"]
[Site "Hengshui"]
[Date "2019.05.17"]
[Round "4.1"]
[White "Wang, Hao"]
[Black "Gelfand, Boris"]
[Result "1/2-1/2"]
[ECO "B30"]
[WhiteElo "2735"]
[BlackElo "2676"]
[Annotator "ChessBase"]
[PlyCount "126"]
[EventDate "2019.05.17"]
[EventType "blitz"]
[EventCountry "CHN"]
[SourceTitle "playchess.com"]
[Source "ChessBase"]
[SourceQuality "1"]
[TimeControl "180+2"]

1. e4 c5 2. Nf3 Nc6 3. Bb5 e6 4. O-O Nge7 5. c3 a6 6. Ba4 b5 7. Bc2 Bb7 8. Re1 c4 9. a4 Ng6 10. axb5 axb5 11. Rxa8 Qxa8 12. d4 cxd3 13. Bxd3 b4 14. Bb5 Be7 15. cxb4 O-O 16. Nc3 Nxb4 17. Bxd7 Rd8 18. Qa4 Nd3 19. Rd1 Nxc1 20. Rxc1 Nf4 21. Qxa8 Bxa8 22. Bb5 Rb8 23. g3 Rxb5 24. Ra1 Ne2+ 25. Nxe2 Bb7 26. Ra2 h6 27. Nc3 Rb4 28. Kf1 Bf6 29. e5 Bxf3 30. exf6 gxf6 31. Ke1 Rd4 32. Ra4 Rd3 33. Ra1 f5 34. Rc1 Rd4 35. Rc2 Kg7 36. Rd2 Rb4 37. Rd3 Bc6 38. Nd1 Kf6 39. Kd2 Ba4 40. Kc1 h5 41. Nc3 Bc6 42. Rd6 Rc4 43. Kc2 Ke7 44. Rd2 Rb4 45. Rd1 h4 46. b3 hxg3 47. hxg3 f4 48. gxf4 Rxf4 49. Rd2 e5 50. Kb2 Ke6 51. Ka3 Rf3 52. Kb4 f5 53. Na4 f4 54. Kc5 Be8 55. Kc4 Kf5 56. Nc5 Bf7+ 57. Kb4 e4 58. Re2 e3 59. fxe3 Rxe3 60. Rxe3 fxe3 61. Kc3 e2 62. Kd2 Ke5 63. Kxe2 Bxb3 1/2-1/2

[Event "IMSA Blitz Men 2019"]
[Site "Hengshui"]
[Date "2019.05.17"]
[Round "4.1"]
[White "Vidit, Santosh Gujrathi"]
[Black "Ponomariov, Ruslan"]
[Result "1-0"]
[ECO "D71"]
[WhiteElo "2707"]
[BlackElo "2675"]
[Annotator "RC"]
[PlyCount "51"]
[EventDate "2019.05.17"]
[EventType "blitz"]
[EventCountry "CHN"]
[SourceTitle "playchess.com"]
[Source "ChessBase"]
[SourceQuality "1"]
[TimeControl "180+2"]

1. d4 Nf6 2. c4 g6 3. g3 Bg7 4. Bg2 O-O 5. Nc3 c5 6. dxc5 Qa5 7. Qa4 Qxc5 8. Be3 Qc7 9. Nh3 Ng4 10. Bd2 Nc6 11. O-O d6 12. Nf4 Bd7 13. Nfd5 Qd8 14. Qa3 a6 15. c5 dxc5 16. Qxc5 Bd4 17. Qa3 e6 18. Nf4 Qb6 19. e3 Bc5 20. Na4 Bxa3 21. Nxb6 Bxb2 22. Rab1 Bg7 23. Nxd7 Rfd8 24. Rxb7 Rac8 25. Nb6 Rb8 26. Rxb8 1-0

[Event "IMSA Blitz Men 2019"]
[Site "Hengshui"]
[Date "2019.05.17"]
[Round "4.1"]
[White "Jones, Gawain C B"]
[Black "Fedoseev, Vladimir"]
[Result "0-1"]
[ECO "B31"]
[WhiteElo "2702"]
[BlackElo "2683"]
[Annotator "RC"]
[PlyCount "72"]
[EventDate "2019.05.17"]
[EventType "blitz"]
[EventCountry "CHN"]
[SourceTitle "playchess.com"]
[Source "ChessBase"]
[SourceQuality "1"]
[TimeControl "180+2"]

1. e4 c5 2. Nf3 Nc6 3. Bb5 g6 4. O-O Bg7 5. Re1 Nf6 6. e5 Nd5 7. Nc3 Nc7 8. Bxc6 dxc6 9. Ne4 b6 10. d3 O-O 11. h3 Ne6 12. b3 f5 13. Neg5 Nc7 14. h4 f4 15. Bb2 h6 16. Ne4 Bg4 17. Qe2 Ne6 18. Ned2 g5 19. Qe4 Qe8 20. hxg5 hxg5 21. Nh2 Bf5 22. Qf3 Rc8 23. Ne4 Qg6 24. Ng4 Kf7 25. Qe2 Rh8 26. f3 Qh5 27. Nef2 Qh4 28. a4 Rh5 29. a5 b5 30. Qd2 Rch8 31. Kf1 Qg3 32. Ke2 Bxg4 33. fxg4 Rh2 34. Rg1 Rxg2 35. Rxg2 f3+ 36. Kd1 fxg2 0-1

[Event "IMSA Blitz Men 2019"]
[Site "Hengshui"]
[Date "2019.05.17"]
[Round "4.2"]
[White "Rapport, Richard"]
[Black "Korobov, Anton"]
[Result "1/2-1/2"]
[ECO "A01"]
[WhiteElo "2736"]
[BlackElo "2687"]
[Annotator "ChessBase"]
[PlyCount "82"]
[EventDate "2019.05.17"]
[EventType "blitz"]
[EventCountry "CHN"]
[SourceTitle "playchess.com"]
[Source "ChessBase"]
[SourceQuality "1"]
[TimeControl "180+2"]

1. b3 e5 2. Bb2 Nc6 3. c4 Nf6 4. Nf3 e4 5. Nd4 Bc5 6. Nf5 O-O 7. e3 Re8 8. Nc3 d5 9. cxd5 Nb4 10. Ng3 Bg4 11. Qc1 Qe7 12. h3 Bd7 13. Bc4 h5 14. a3 Nd3+ 15. Bxd3 exd3 16. Qd1 g6 17. Qf3 Bd6 18. Nb5 Be5 19. Bxe5 Qxe5 20. Nc3 c6 21. O-O h4 22. Nh1 cxd5 23. Rac1 Rac8 24. Qd1 Ne4 25. f4 Qd6 26. Nxe4 dxe4 27. b4 Rxc1 28. Qxc1 Rc8 29. Qe1 Qf6 30. Nf2 Bf5 31. Nd1 Rc2 32. Nc3 a6 33. Kh2 Kg7 34. Kg1 Kg8 35. Kh2 b5 36. Kg1 Kh7 37. Nd5 Qd8 38. Nc3 Kg8 39. Kh2 Qe7 40. Kg1 Qd8 41. Kh2 Qe7 1/2-1/2

[Event "IMSA Blitz Men 2019"]
[Site "Hengshui"]
[Date "2019.05.17"]
[Round "4.2"]
[White "Andreikin, Dmitry"]
[Black "Dominguez Perez, Leinier"]
[Result "1-0"]
[ECO "D41"]
[WhiteElo "2722"]
[BlackElo "2750"]
[Annotator "RC"]
[PlyCount "61"]
[EventDate "2019.05.17"]
[EventType "blitz"]
[EventCountry "CHN"]
[SourceTitle "playchess.com"]
[Source "ChessBase"]
[SourceQuality "1"]
[TimeControl "180+2"]

1. d4 Nf6 2. c4 e6 3. Nf3 d5 4. Nc3 c5 5. cxd5 Nxd5 6. e4 Nxc3 7. bxc3 cxd4 8. cxd4 Bb4+ 9. Bd2 Bxd2+ 10. Qxd2 O-O 11. Bc4 b6 12. O-O Nd7 13. Rfe1 Bb7 14. Rad1 Rc8 15. Bb3 Re8 16. h3 Nf6 17. Qf4 Qc7 18. Ne5 Re7 19. Qh4 Ree8 20. Re3 Qe7 21. d5 Nxd5 22. Qxe7 Nxe7 23. Rd7 Ba8 24. Rf3 Nc6 25. Nxf7 Na5 26. Ng5 h6 27. Bxe6+ Kh8 28. Nf7+ Kh7 29. Bf5+ Kg8 30. Rg3 Kf8 31. Nd6 1-0

[Event "IMSA Blitz Men 2019"]
[Site "Hengshui"]
[Date "2019.05.17"]
[Round "4.2"]
[White "Mamedov, Rauf"]
[Black "Cheparinov, Ivan"]
[Result "1/2-1/2"]
[ECO "B15"]
[WhiteElo "2650"]
[BlackElo "2667"]
[Annotator "RC"]
[PlyCount "72"]
[EventDate "2019.05.17"]
[EventType "blitz"]
[EventCountry "CHN"]
[SourceTitle "playchess.com"]
[Source "ChessBase"]
[SourceQuality "1"]
[TimeControl "180+2"]

1. e4 c6 2. d4 d5 3. Nd2 dxe4 4. Nxe4 Nf6 5. Nxf6+ exf6 6. c3 Bd6 7. Bd3 O-O 8. Qc2 Re8+ 9. Ne2 h5 10. Be3 Nd7 11. Ng3 Bf4 12. O-O-O Bxe3+ 13. fxe3 Rxe3 14. Rde1 Rxe1+ 15. Rxe1 Nf8 16. Nxh5 Bg4 17. Nf4 Qd6 18. g3 Ne6 19. Ng2 Nc7 20. Ne3 Bd7 21. Nc4 Qf8 22. Bf5 Re8 23. Rxe8 Qxe8 24. Bxd7 Qxd7 25. Qe2 Nd5 26. a3 g6 27. Na5 Kg7 28. Nb3 b6 29. Nd2 Qf5 30. Qf3 Qe6 31. Qe4 Qd7 32. Qe2 Qf5 33. Qf3 Qe6 34. Qe4 Qd7 35. Qe2 Qf5 36. Qf3 Qe6 1/2-1/2

[Event "IMSA Blitz Men 2019"]
[Site "Hengshui"]
[Date "2019.05.17"]
[Round "5.1"]
[White "Andreikin, Dmitry"]
[Black "Yu, Yangyi"]
[Result "1/2-1/2"]
[ECO "D56"]
[WhiteElo "2722"]
[BlackElo "2739"]
[Annotator "ChessBase"]
[PlyCount "113"]
[EventDate "2019.05.17"]
[EventType "blitz"]
[EventCountry "CHN"]
[SourceTitle "playchess.com"]
[Source "ChessBase"]
[SourceQuality "1"]
[TimeControl "180+2"]

1. d4 Nf6 2. c4 e6 3. Nf3 d5 4. Nc3 Be7 5. Bg5 h6 6. Bh4 O-O 7. e3 Nbd7 8. Be2 c5 9. cxd5 Nxd5 10. Bxe7 Nxe7 11. O-O cxd4 12. Qxd4 Nf6 13. Rfd1 Qxd4 14. Nxd4 Bd7 15. Bf3 Rab8 16. Ndb5 a6 17. Nd6 Bc6 18. Bxc6 Nxc6 19. Na4 Ne8 20. Ne4 Nf6 21. Nxf6+ gxf6 22. Nc5 Ne5 23. f4 Rbc8 24. Nxe6 fxe6 25. fxe5 Rc2 26. Rd6 fxe5 27. Rf1 Rxf1+ 28. Kxf1 Rxb2 29. Rxe6 Rxa2 30. Rb6 a5 31. Rxb7 a4 32. Ra7 a3 33. h4 h5 34. Kg1 e4 35. Kh2 Ra1 36. Kg3 a2 37. Kf2 Kf8 38. Ra6 Kf7 39. Ra7+ Ke6 40. Ra5 Kd6 41. Ra4 Kc5 42. Ra5+ Kb4 43. Ra8 Kb3 44. Rb8+ Kc4 45. Ra8 Kb3 46. Rb8+ Kc4 47. Ra8 Kd5 48. Ra5+ Ke6 49. Kg3 Kf6 50. Kf2 Ke6 51. Kg3 Kd6 52. Kf2 Kc6 53. Ra8 Kd5 54. Ra4 Kc6 55. Ra8 Kd5 56. Ra4 Kc6 57. Ra8 1/2-1/2

[Event "IMSA Blitz Men 2019"]
[Site "Hengshui"]
[Date "2019.05.17"]
[Round "5.1"]
[White "Fedoseev, Vladimir"]
[Black "Le, Quang Liem"]
[Result "1-0"]
[ECO "A45"]
[WhiteElo "2683"]
[BlackElo "2704"]
[Annotator "RC"]
[PlyCount "72"]
[EventDate "2019.05.17"]
[EventType "blitz"]
[EventCountry "CHN"]
[SourceTitle "playchess.com"]
[Source "ChessBase"]
[SourceQuality "1"]
[TimeControl "180+2"]

1. d4 Nf6 2. Bg5 d5 3. Nd2 c5 4. dxc5 e6 5. e4 Bxc5 6. e5 Qb6 7. exf6 Bxf2+ 8. Ke2 Bxg1 9. fxg7 Qf2+ 10. Kd3 Qd4+ 11. Ke2 Qxg7 12. Rxg1 Qxg5 13. Nf3 Qf6 14. c3 Nc6 15. Qb3 O-O 16. Re1 Rd8 17. Kd2 e5 18. Bb5 Qf4+ 19. Kd1 Bg4 20. h3 Bh5 21. Ref1 d4 22. c4 Bg6 23. Nd2 Qg5 24. Bxc6 bxc6 25. Qf3 Rab8 26. b3 f5 27. Qxc6 e4 28. g4 Rbc8 29. Qe6+ Kh8 30. Qe5+ Kg8 31. gxf5 Qh5+ 32. Kc1 e3 33. Ne4 Qe2 34. fxg6 Rxc4+ 35. bxc4 Qxc4+ 36. Kb1 Rc8 1-0

[Event "IMSA Blitz Men 2019"]
[Site "Hengshui"]
[Date "2019.05.17"]
[Round "5.2"]
[White "Dominguez Perez, Leinier"]
[Black "Vidit, Santosh Gujrathi"]
[Result "0-1"]
[ECO "C54"]
[WhiteElo "2750"]
[BlackElo "2707"]
[Annotator "RC"]
[PlyCount "88"]
[EventDate "2019.05.17"]
[EventType "blitz"]
[EventCountry "CHN"]
[SourceTitle "playchess.com"]
[Source "ChessBase"]
[SourceQuality "1"]
[TimeControl "180+2"]

1. e4 e5 2. Nf3 Nc6 3. Bc4 Bc5 4. c3 Nf6 5. d3 O-O 6. Nbd2 d6 7. O-O a5 8. h3 h6 9. Re1 Be6 10. Bb5 Qb8 11. Nf1 Qa7 12. Qd2 a4 13. Ng3 Qa5 14. Bxc6 bxc6 15. Nh4 Kh7 16. Nhf5 Ng8 17. Nh5 Bxf5 18. exf5 f6 19. Qe2 Rf7 20. Qf3 Qb5 21. Re4 Ne7 22. Rh4 Rh8 23. Rb1 Ba7 24. Ng3 d5 25. Bd2 c5 26. c4 Qd7 27. Be3 c6 28. b3 axb3 29. Rxb3 Rff8 30. Qh5 Kg8 31. Rg4 Rf7 32. a4 dxc4 33. Rb1 cxd3 34. Bd2 Nd5 35. a5 Nf4 36. Bxf4 exf4 37. Rxf4 Re7 38. Re4 c4 39. Rxe7 Qxe7 40. a6 c3 41. Rb7 Qf8 42. Qd1 c2 43. Qd2 Qc5 44. Ne2 Qxf2+ 0-1